 Dungeon Crawl Stone Soup version 0.30.0-29-ga12c61a403 (webtiles) character file.

Game seed: 9037974394457120248

324 ChadusMaximus the Caller (level 6, -1/45 HPs)
             Began as a Draconian Summoner on June 22, 2023.
             Killed from afar by Dowan (10 damage)
             ... with a puff of flame
             ... on level 4 of the Dungeon.
             The game lasted 00:03:16 (2717 turns).

ChadusMaximus the Caller (Draconian Summoner)       Turns: 2717, Time: 00:03:16

Health: -1/45      AC:  6    Str: 10    XL:     6   Next: 23%
Magic:  6/11       EV: 12    Int: 18    God:
Gold:   223        SH:  0    Dex: 11    Spells: 6/12 levels left

rFire   . . .        l - +0 trident
rCold   . . .        (no shield)
rNeg    . . .        (body armour unavailable)
rPois   .            (helmet restricted)
rElec   .            (no cloak)
rCorr   .            (no gloves)
SInv    .            (no boots)
Will    .....        (no amulet)
Stlth   ++           (no ring)
HPRegen 0.27/turn    (no ring)
MPRegen 0.12/turn

%: no passive effects
@: no status effects
A: AC +6, unfitting armour, cold-blooded
a: no special abilities


You were on level 4 of the Dungeon.
You visited 1 branch of the dungeon, and saw 4 of its levels.

You collected 223 gold pieces.

Inventory:

Hand Weapons
 h - a +0 dagger
 l - a +0 trident (weapon)
Wands
 r - a wand of iceblast (7)
Scrolls
 b - a scroll of noise
 g - 7 scrolls of identify
 k - a scroll of immolation {unknown}
 n - 2 scrolls of amnesia {unknown}
 o - a scroll of fear {unknown}
 q - a scroll of enchant weapon {unknown}
 s - a scroll of brand weapon {unknown}
Potions
 a - a potion of magic
 c - 2 potions of haste {unknown}
 d - 3 potions of mutation {unknown}
 f - 4 potions of heal wounds
 i - 2 potions of resistance {unknown}
 j - 2 potions of degeneration {unknown}
 m - 5 potions of curing {unknown}
 p - 2 potions of flight {unknown}


   Skills:
 - Level 2.2 Dodging
 - Level 2.3 Stealth
 + Level 3.7 Spellcasting
 * Level 6.2 Summonings


You had 6 spell levels left.
You knew the following spells:

 Your Spells              Type           Power      Damage    Failure   Level
a - Summon Small Mammal   Summ           100%       N/A       1%          1
b - Call Imp              Summ           50%        N/A       1%          2
c - Call Canine Familiar  Summ           25%        N/A       3%          3

Your spell library contained the following spells:

 Spells                   Type           Power      Damage    Failure   Level
 Summon Guardian Golem    Hex/Summ       14%        N/A       13%         3
 Apportation              Tloc           6%         N/A       16%         1
 Magic Dart               Conj           12%        1d3       16%         1
 Summon Lightning Spire   Summ/Air       14%        N/A       38%         4
 Mephitic Cloud           Conj/Pois/Air  3%         N/A       41%         3
 Volatile Blastmotes      Fire/Tloc      6%         2d10      41%         3
 Fulminant Prism          Conj/Hex       1%         3d5       83%         4
 Iskenderun's Mystic Bla  Conj/Tloc      3%         2d3       83%         4
 Alistair's Intoxication  Tmut/Pois      2%         N/A       99%         5
 Lee's Rapid Deconstruct  Erth           1%         3d4*      99%         5


Dungeon Overview and Level Annotations

Branches:
Dungeon (4/15)
 Temple: D:4-7

Altars:
Kikubaaqudgha

Annotations:
D:3 2 transporters, fedoskokos's ghost, amateur HOCK
D:4 Dowan; Duvessa


Innate Abilities, Weirdness & Mutations

Your plain brown scales are hard. (AC +6)
You cannot fit into any form of body armour.
You are cold-blooded and may be slowed by cold attacks.


Message History

Duvessa attacks as you move away! Duvessa hits you with a +0 rapier.
Your cerulean imp hits Duvessa with a -2 spear.
Duvessa attacks as you move away! Duvessa closely misses you.
Your cerulean imp hits Duvessa from afar with a -2 spear.
As you read the scroll labelled SULAGAMPITZ, it crumbles to dust.
It is a scroll of identify.
b - a scroll of noise Duvessa hits you with a +0 rapier.
Your cerulean imp misses Duvessa.
As you read the scroll labelled MUANGU WAROPEEPP, it crumbles to dust.
A profound silence engulfs you.
It was a scroll of silence.
Duvessa closely misses you.
Your cerulean imp barely misses Duvessa.
Unknown command.
Magic scrolls do not work when you're silenced!
Your cerulean imp hits Dowan but does no damage.
Duvessa attacks as you move away! Duvessa hits you with a +0 rapier.
Duvessa hits you with a +0 rapier.
Your cerulean imp barely misses Dowan.
Duvessa attacks as you move away! Duvessa barely misses you.
Duvessa attacks as you move away! Duvessa misses you.
Your cerulean imp hits Duvessa but does no damage.
Duvessa attacks as you move away! Duvessa hits you with a +0 rapier.
Magic scrolls do not work when you're silenced!
Duvessa attacks as you move away! Duvessa hits you with a +0 rapier.
Your cerulean imp hits Dowan with a -2 spear.
Duvessa attacks as you move away! Duvessa hits you with a +0 rapier!
Your cerulean imp barely misses Dowan.
Duvessa attacks as you move away! Duvessa barely misses you.
Duvessa attacks as you move away! Duvessa hits you with a +0 rapier.
* * * LOW HITPOINT WARNING * * *
You cannot cast spells when silenced!
Duvessa attacks as you move away! Duvessa hits you with a +0 rapier.
* * * LOW HITPOINT WARNING * * *
Your hearing returns.
Duvessa attacks as you move away! Duvessa hits you with a +0 rapier.
* * * LOW HITPOINT WARNING * * *
Duvessa attacks as you move away! Duvessa misses you.
Dowan smirks and points a slender finger.
Dowan points at you and mumbles some strange words.
The puff of flame hits you!
You die...

.. .#
######.#####.##
#.............#
#.............#
#.............#
#.............#
#.............#
#...<.........######
#......†...@..##...#
#............e##.#.#
######.#####.....#.#
#.# ####e5..# #.#
#.#### #.# #.####
######.#### #....#
#.........# ####e#
#.........# #.#


You could see Duvessa (ally target), Dowan and a friendly cerulean imp
(summoned).

Vanquished Creatures
  A jelly (D:3)
  Ijyb (D:3)
  2 adders
  2 dart slugs
  8 endoplasms
  A giant cockroach (D:1)
  3 goblins
  2 hobgoblins
  2 kobolds
  4 quokkas
  7 ball pythons
  5 bats
  2 frilled lizards
  6 rats
46 creatures vanquished.

Vanquished Creatures (collateral kills)
  Sigmund (D:3)
  An adder (D:3)
  A worm (D:3)
  An orc (D:3)
  2 ball pythons (D:1)
  An endoplasm (D:3)
  4 hobgoblins
  2 bats
  A kobold (D:3)
  2 rats
16 creatures vanquished.

Grand Total: 62 creatures vanquished

Notes
Turn   | Place    | Note
-------+----------+-------------------------------------------
     0 | D:1      | ChadusMaximus the Draconian Summoner began the quest for
                  | the Orb.
     0 | D:1      | Reached XP level 1. HP: 14/14 MP: 3/3
     2 | D:1      | Noticed a minotaur skeleton
     9 | D:1      | Noticed a minotaur skeleton
   322 | D:1      | Reached XP level 2. HP: 20/20 MP: 1/5
   967 | D:2      | Reached XP level 3. HP: 23/26 MP: 6/6
  1690 | D:3      | Noticed Ijyb
  1723 | D:3      | Killed Ijyb
  1724 | D:3      | Reached XP level 4. HP: 21/33 MP: 4/8
  1799 | D:3      | Learned a level 2 spell: Call Imp
  1803 | D:3      | Learned a level 3 spell: Call Canine Familiar
  1889 | D:3      | Reached skill level 5 in Summonings
  1903 | D:3      | Found an ancient bone altar of Kikubaaqudgha.
  2110 | D:3      | Found a transporter.
  2112 | D:3      | Noticed fedoskokos's ghost (amateur HOCK)
  2179 | D:3      | Reached XP level 5. HP: 24/38 MP: 3/9
  2232 | D:3      | Noticed Sigmund
  2250 | D:3      | Killed Sigmund
  2251 | D:3      | Reached skill level 6 in Summonings
  2251 | D:3      | Reached XP level 6. HP: 35/45 MP: 2/11
  2411 | D:3      | Found a transporter.
  2666 | D:4      | Noticed Duvessa
  2666 | D:4      | Noticed Dowan
  2717 | D:4      | Killed from afar by Dowan

Illustrated notes

Levels and vault maps discovered:
D:1:      shiori_arrival_whats_in_store_for_you, layout_basic
D:2:      layout_basic, chequers_jeans
D:3:      layout_rooms, kiku_gazebo_pond_becter, gammafunk_ghost_stat_death,
          uniq_ijyb, uniq_sigmund
D:4:      layout_basic, uniq_duvessa

Skill      XL: |  1  2  3  4  5 |
---------------+----------------+-----
Dodging        | 2 |  2.2
Stealth        | 2 |  2.3
Summonings     | 5 6 |  6.2
Spellcasting   | 3 |  3.7

Action                     |  1- 3 |  4- 6 || total
---------------------------+-------+-------++-------
  Melee: Unarmed           |    46 |       ||    46
         Tailslap          |    15 |     6 ||    21
         Dagger            |    41 |       ||    41
         Punch             |     2 |     1 ||     3
         Trident           |    26 |    82 ||   108
   Cast: Summon Small Mamm |    15 |     1 ||    16
         Call Canine Famil |       |     7 ||     7
         Call Imp          |       |     5 ||     5
    Use: Potion            |     2 |       ||     2
         Scroll            |     1 |     2 ||     3
   Stab: Sleeping          |     4 |     4 ||     8
 Armour: Skin              |    32 |    24 ||    56
  Dodge: Dodged            |    79 |    54 ||   133
